 Dungeon Crawl Stone Soup version 0.23.2 (webtiles) character file.

Game seed: 4880892625697825617

74 KOK29364 the Gusty (level 4, 0/33 HPs)
             Began as a Draconian Air Elementalist on Apr 8, 2019.
             Slain by tensugalgo's ghost (2 damage)
             ... on level 3 of the Dungeon.
             The game lasted 00:12:40 (3124 turns).

KOK29364 the Gusty (Draconian Air Elementalist)     Turns: 3124, Time: 00:12:41

Health: 0/33       AC:  7    Str: 10    XL:     4   Next: 10%
Magic:  0/7        EV: 15    Int: 17    God:
Gold:   88         SH:  0    Dex: 11    Spells: 2/8 levels left

rFire    . . .     SeeInvis .   c - +0 short sword
rCold    . . .     Gourm    .   (no shield)
rNeg     . . .     Faith    .   (armour unavailable)
rPois    .         Spirit   .   (helmet restricted)
rElec    .         Reflect  .   k - +1 cloak
rCorr    .         Harm     .   (no gloves)
MR       .....                  (no boots)
Stlth    ++........             m - amulet of the acrobat
HPRegen  0.11/turn              n - +3 ring of evasion
MPRegen  0.10/turn              (no ring)

@: no status effects
A: unfitting armour, cold-blooded, AC +5
a: no special abilities


You were on level 3 of the Dungeon.
You were not hungry.

You visited 1 branch of the dungeon, and saw 3 of its levels.

You collected 88 gold pieces.

Inventory:

Hand Weapons
 c - a +0 short sword (weapon)
 g - a +0 hunting sling
Missiles
 f - 65 stones (quivered)
Armour
 a - a +0 robe
 k - a +1 cloak (worn)
Jewellery
 m - an amulet of the acrobat (around neck)
 n - a +3 ring of evasion (left hand)
Scrolls
 i - a scroll of teleportation
 p - a scroll of remove curse
Potions
 d - a potion of might
 e - a potion of curing {unknown}
 h - a potion of magic {unknown}
 j - a potion of mutation {unknown}
 l - a potion of degeneration {unknown}
Comestibles
 b - a ration
 o - a chunk of flesh


   Skills:
 + Level 0.1 Fighting
 + Level 0.2 Short Blades
 + Level 2.2 Dodging
 + Level 2.2 Stealth
 + Level 1.0 Unarmed Combat
 + Level 2.5 Spellcasting
 + Level 1.3 Conjurations
 + Level 3.6 Air Magic


You had 2 spell levels left.
You knew the following spells:

 Your Spells              Type           Power        Failure   Level  Hunger
a - Shock                 Conj/Air       ##..         7%          1    #......
b - Swiftness             Chrm/Air       #.......     13%         2    ##.....
c - Static Discharge      Conj/Air       ##......     21%         3    ###....

Your spell library contained the following spells:

 Spells                   Type           Power        Failure   Level  Hunger
 Airstrike                Air            ##........   38%         4    #####..
 Lightning Bolt           Conj/Air       ##........   88%         5    ######.


Dungeon Overview and Level Annotations

Branches:
Dungeon (3/15)

Altars:
Ashenzari

Annotations:
D:3 tensugalgo's ghost, amateur KoMo


Innate Abilities, Weirdness & Mutations

Your plain brown scales are hard. (AC +5)
You cannot fit into any form of body armour.
You are cold-blooded and may be slowed by cold attacks.


Message History

Casting: Shock (safe; 7% risk of failure)
Confirm with . or Enter, or press ? or * to list all spells.
Aiming: Shock (safe; 7% risk of failure)
Press: ? - help, Shift-Dir - straight line The zap misses tensugalgo's ghost. x2; Tensugalgo's ghost hits you.
* * * LOW HITPOINT WARNING * * *
Casting: Shock (safe; 7% risk of failure)
Confirm with . or Enter, or press ? or * to list all spells.
Aiming: Shock (safe; 7% risk of failure)
Press: ? - help, Shift-Dir - straight line The zap hits tensugalgo's ghost.
Tensugalgo's ghost is severely damaged.
The zap hits tensugalgo's ghost.
Tensugalgo's ghost is almost destroyed.
Tensugalgo's ghost hits you.
* * * LOW HITPOINT WARNING * * *
You barely miss tensugalgo's ghost.
Tensugalgo's ghost is almost destroyed.
Tensugalgo's ghost hits you.
You die...

##.###### #... ..#
#..# #.# #### #..#
#^###.#♣ #####..#
#.....#.
#......####.÷...##
#.####............
#W# ######.####..
#@# #.# ### #.#
#.# #.# #.# #.###
#.# #...# #.#
###.# #.# #.# #.#
#.#


You could see tensugalgo's ghost.

Vanquished Creatures
  An adder (D:2)
  A gnoll (D:1)
  An ooze (D:1)
  A worm (D:2)
  3 dart slugs
  A ball python (D:2)
  A giant cockroach (D:2)
  7 goblins
  3 hobgoblins
  2 quokkas (D:2)
  8 bats
  2 frilled lizards
  4 kobolds (D:1)
  11 rats
46 creatures vanquished.

Notes
Turn   | Place    | Note
-------+----------+-------------------------------------------
     0 | D:1      | KOK29364 the Draconian Air Elementalist began the quest for
                  | the Orb.
     0 | D:1      | Reached XP level 1. HP: 14/14 MP: 3/3
   486 | D:1      | Reached XP level 2. HP: 13/20 MP: 1/5
   598 | D:1      | Learned a level 2 spell: Swiftness
   984 | D:1      | Reached XP level 3. HP: 26/26 MP: 2/6
  1026 | D:1      | Learned a level 3 spell: Static Discharge
  2030 | D:2      | Reached skill level 1 in Unarmed Combat
  2093 | D:2      | Found a shattered altar of Ashenzari.
  2634 | D:2      | Reached XP level 4. HP: 18/33 MP: 1/7
  3059 | D:3      | Found a runed translucent door.
  3073 | D:3      | Noticed tensugalgo's ghost (amateur KoMo)
  3124 | D:3      | Slain by tensugalgo's ghost

Skill      XL: |  1  2  3 |
---------------+----------+-----
Dodging        | 2 |  2.2
Stealth        | 2 |  2.2
Unarmed Combat | 1 |  1.0
Fighting       | |  0.1
Short Blades   | |  0.2
Spellcasting   | |  2.5
Conjurations   | |  1.3
Air Magic      | |  3.6

Action                   |  1- 3 |  4- 6 || total
-------------------------+-------+-------++-------
Melee: Unarmed           |    17 |       ||    17
       Short sword       |   154 |    26 ||   180
       Tailslap          |    18 |     2 ||    20
 Cast: Shock             |    60 |    11 ||    71
       Static Discharge  |     3 |     2 ||     5
  Use: Scroll            |     6 |       ||     6
  Eat: Chunk             |     3 |       ||     3
       Ration            |     1 |     1 ||     2
Armor: Skin              |    58 |    10 ||    68
Dodge: Dodged            |   167 |    21 ||   188
